 Dungeon Sprint DCSS version 0.21.1-1-g345015f (webtiles) character file.

1900000 Glory the Axe Maniac (level 16, -61/178 HPs)
             Began as a Demonspawn Berserker on Apr 10, 2018.
             Was a Priest of Trog.
             Annihilated by a meat berserker
             ... wielding a +9 battleaxe
              (66 damage)
             ... in the Dungeon (Sprint VIII: "Arena of Blood").
             The game lasted 00:00:26 (19 turns).

Glory the Axe Maniac (Demonspawn Berserker)           Turns: 19, Time: 00:00:27

Health: -61/178    AC:  6    Str: 23    XL:     16   Next: 88%
Magic:  16/16      EV: 26    Int:  9    God:    Trog [***...]
Gold:   0          SH:  0    Dex: 14    Spells: 15/15 levels left

rFire    . . .     SeeInvis .   j - +∞ Axe of Woe
rCold    + . .     Gourm    .   (shield currently unavailable)
rNeg     . . .     Faith    .   b - +0 animal skin
rPois    .         Spirit   .   (no helmet)
rElec    .         Reflect  .   (no cloak)
rCorr    .         Harm     .   (no gloves)
MR       +....     NoTele   +   (no boots)
Stlth    ++++......             (no amulet)
HPRegen  0.39/turn              (no ring)
MPRegen  0.15/turn              (no ring)

@: berserk cooldown, slowed, very slow
A: hooves 1, rugged brown scales 3, cold resistance 1, foul stench 1,
nightstalker 3, rot immunity
a: Berserk, Trog's Hand, Burn Spellbooks, Renounce Religion


You were in the Dungeon.
You worshipped Trog.
Trog was most pleased with you.
You were not hungry.

You visited 1 branch

Inventory:

Hand Weapons
 a - a +0 hand axe
 j - the +∞ Axe of Woe (weapon)
   (You found it in the Dungeon)
Armour
 b - a +0 animal skin (worn)
Scrolls
 i - a scroll of blinking
Potions
 d - a potion of curing
 e - a potion of heal wounds
 f - a potion of haste
 g - 2 potions of magic
 h - a potion of berserk rage
Comestibles
 c - a ration


   Skills:
 O Level 27 Fighting
 O Level 27 Axes
 + Level 19.7 Armour
 + Level 19.7 Dodging


You had 15 spell levels left.
You didn't know any spells.

Dungeon Overview and Level Annotations

Branches:
Dungeon (1/1)

Altars:
Makhleb


Innate Abilities, Weirdness & Mutations

You have large cloven feet.
You are completely covered in rugged brown scales. (AC +3, +7% HP)
Your flesh is cold resistant. (rC+)
You may emit foul miasma when damaged in melee.
You are completely attuned to the shadows.
You are immune to rotting.


Message History

The meat berserker appears out of thin air!
A meat berserker comes into view. It is wielding a +9 battleaxe.
You hear a shout! x3
The meat berserker hits you with a +9 battleaxe!!!!
You hear a shout! x2
A bag of meat comes into view. It is wielding a +9 war axe.
The bag of meat shouts!
A meat berserker comes into view. It is wielding a +9 battleaxe.
Things that are here:
a +9 war axe; a +30 ring of slaying; a bag of meat corpse You are too injured to fight recklessly!
Unknown command.
You are too injured to fight recklessly!
A bag of meat comes into view. It is wielding a +9 war axe.
You hear a shout! x6
The meat berserker hits you with a +9 battleaxe!!!
* * * LOW HITPOINT WARNING * * *
You hear a shout! x5
The meat berserker hits you with a +9 battleaxe!!!
You die...

. #.. ..#
..###... ..###.
.......###......
........_......
.....#.....#
...).#_.<._#
.....#.....#
....))O)_......
....)@.###......
..###O......###.
.. #.......#
#oo.....#
..O.....o ....


You could see 3 meat berserkers and 2 bags of meat.

Vanquished Creatures
  3 ogres (D)
  5 orcs (D)
8 creatures vanquished.

Notes
Turn   | Place    | Note
-------+----------+-------------------------------------------
     0 | D        | Found the +∞ Axe of Woe
     0 | D        | Glory the Demonspawn Berserker began the quest for the Orb.
     0 | D        | Reached XP level 1. HP: 18/18 MP: 1/1
     3 | D        | Noticed a meat berserker
     4 | D        | Noticed a bag of meat
     4 | D        | Noticed a bag of meat
     4 | D        | Noticed a bag of meat
     4 | D        | Noticed a bag of meat
     6 | D        | Noticed a bag of meat
     7 | D        | Noticed a bag of meat
     7 | D        | Killed a meat berserker
     7 | D        | Reached skill level 10 in Armour
     7 | D        | Reached skill level 10 in Dodging
     7 | D        | Gained mutation: You are slightly more attuned to the shadows. [demonic ancestry]
     7 | D        | Reached XP level 2. HP: 51/51 MP: 2/2
     7 | D        | Reached XP level 3. HP: 58/58 MP: 3/3
     7 | D        | Gained mutation: You have large cloven feet. [demonic ancestry]
     7 | D        | Reached XP level 4. HP: 65/65 MP: 4/4
     7 | D        | Gained mutation: You are immune to rotting. [demonic ancestry]
     7 | D        | Reached XP level 5. HP: 72/72 MP: 5/5
     7 | D        | Reached XP level 6. HP: 79/79 MP: 6/6
     7 | D        | Gained mutation: You may emit foul miasma when damaged in melee. [demonic ancestry]
     7 | D        | Reached XP level 7. HP: 86/86 MP: 7/7
     7 | D        | Gained mutation: You are partially covered in rugged brown scales. (AC +1, +3% HP) [demonic ancestry]
     7 | D        | Reached XP level 8. HP: 95/95 MP: 8/8
     7 | D        | Reached XP level 9. HP: 101/101 MP: 9/9
     7 | D        | Gained mutation: You are mostly covered in rugged brown scales. (AC +2, +5% HP) [demonic ancestry]
     7 | D        | Reached XP level 10. HP: 112/112 MP: 10/10
     7 | D        | Reached XP level 11. HP: 118/118 MP: 11/11
     7 | D        | Reached XP level 12. HP: 127/127 MP: 12/12
     7 | D        | Gained mutation: You are significantly more attuned to the shadows. [demonic ancestry]
     7 | D        | Reached XP level 13. HP: 133/133 MP: 13/13
     9 | D        | Killed a bag of meat
     9 | D        | Reached ** piety under Trog
    10 | D        | Noticed a meat berserker
    10 | D        | Killed a bag of meat
    10 | D        | Gained mutation: You are completely covered in rugged brown scales. (AC +3, +7% HP) [demonic ancestry]
    10 | D        | Reached XP level 14. HP: 153/153 MP: 14/14
    11 | D        | Noticed a bag of meat
    12 | D        | Noticed a meat berserker
    12 | D        | Killed a bag of meat
    12 | D        | Killed a bag of meat
    12 | D        | Gained mutation: You are completely attuned to the shadows. [demonic ancestry]
    12 | D        | Reached XP level 15. HP: 165/165 MP: 15/15
    13 | D        | Killed a meat berserker
    13 | D        | Reached *** piety under Trog
    15 | D        | Reached skill level 27 in Fighting
    15 | D        | Reached skill level 27 in Axes
    15 | D        | Reached skill level 15 in Armour
    15 | D        | Reached skill level 15 in Dodging
    15 | D        | Gained mutation: Your flesh is cold resistant. (rC+) [demonic ancestry]
    15 | D        | Reached XP level 16. HP: 127/178 MP: 16/16
    17 | D        | Killed a meat berserker
    18 | D        | Noticed a meat berserker
    19 | D        | Noticed a meat berserker
    19 | D        | HP: 5/178 [meat berserker/+9 battleaxe (49)]
    19 | D        | Annihilated by a meat berserker

Skill      XL: |  1  2  3  4  5  6  7  8  9 10 11 12 13 14 15 16 |
---------------+-------------------------------------------------+-----
Fighting       | 20 23 25 27 | 27.0
Axes           | 19 22 24 27 | 27.0
Armour         | 10 11 12 15 19 | 19.7
Dodging        | 10 12 13 15 19 | 19.7

Action                   |  1- 3 |  4- 6 |  7- 9 | 10-12 | 13-15 | 16-18 || total
-------------------------+-------+-------+-------+-------+-------+-------++-------
Melee: Executioner's axe |     1 |       |       |       |     5 |     1 ||     7
Invok: Berserk           |     1 |       |       |       |       |       ||     1
Dodge: Dodged            |       |       |       |       |       |     1 ||     1
